 Dungeon Crawl Stone Soup version 0.23.2-40-g277498a001 (webtiles) character file.

Game seed: 13769082612274013534

51 DildoBatman the Magician (level 4, -4/30 HPs)
             Began as a Formicid Wizard on Oct 2, 2019.
             Slain by a worm (8 damage)
             ... on level 1 of the Dungeon.
             The game lasted 00:04:34 (1263 turns).

DildoBatman the Magician (Formicid Wizard)          Turns: 1263, Time: 00:04:35

Health: -4/30      AC:  5    Str: 12    XL:     4   Next: 5%
Magic:  8/8        EV: 12    Int: 18    God:
Gold:   57         SH:  0    Dex:  9    Spells: 5/9 levels left

rFire    . . .     SeeInvis +   k - +0 mace (curse)
rCold    . . .     Gourm    .   (no shield)
rNeg     . . .     Faith    .   c - +0 robe
rPois    .         Spirit   .   (helmet unavailable)
rElec    .         Reflect  .   (no cloak)
rCorr    .         Harm     .   b - +2 pair of gloves
MR       .....                  (no boots)
Stlth    ++........             (no amulet)
HPRegen  0.10/turn              (no ring)
MPRegen  0.11/turn              (no ring)

@: no status effects
A: permanent stasis, dig shafts and tunnels, four strong arms, antennae 3
a: Dig, Shaft Self


You were on level 1 of the Dungeon.
You were hungry.

You visited 1 branch of the dungeon, and saw 2 of its levels.

You collected 57 gold pieces.

Inventory:

Hand Weapons
 a - a +0 spear
 f - a +0 hunting sling
 k - a cursed +0 mace (weapon)
Missiles
 h - 58 stones (quivered)
 j - 42 arrows
 o - 23 bolts
Armour
 b - a +2 pair of gloves (worn)
 c - a +0 robe (worn)
Potions
 g - a potion of mutation {unknown}
 l - a potion of heal wounds {unknown}
 n - 2 potions of berserk rage
Comestibles
 i - 5 chunks of flesh
 v - 2 rations


   Skills:
 - Level 1.7 Dodging
 - Level 2.4 Stealth
 - Level 3.2 Spellcasting
 * Level 3.2 Conjurations
   Level 1.0 Summonings
   Level 0.8 Translocations


You had 5 spell levels left.
You knew the following spells:

 Your Spells              Type           Power        Failure   Level  Hunger
a - Conjure Flame         Conj/Fire      #.......     24%         3    ###....
c - Magic Dart            Conj           ##..         4%          1    None

Your spell library contained the following spells:

 Spells                   Type           Power        Failure   Level  Hunger
 Call Imp                 Summ           #.......     16%         2    ##.....
 Slow                     Hex            #.......     24%         2    ##.....
 Mephitic Cloud           Conj/Pois/Air  #.......     30%         3    ###....
 Blink                    Tloc           Unusable     N/A         2    N/A

Dungeon Overview and Level Annotations

Branches:
Dungeon (2/15)

Altars:
Nemelex Xobeh

Annotations:
D:1 Natasha
D:2 1 runed translucent door, Crazy Yiuf


Innate Abilities, Weirdness & Mutations

You cannot be hasted, slowed, berserked, paralysed or teleported.
You can dig through walls and to a lower floor.
Your four strong arms can wield two-handed weapons with a shield.
You have a pair of large antennae on your head. (SInv)


Message History

Natasha barely misses you. Natasha claws you but does no damage.
You hit Natasha.
Natasha is severely wounded.
You feel less wooden.
Your +2 pair of gloves unmelds from your body.
Your +0 robe unmelds from your body.
Natasha mumbles some strange words.
Natasha growls.
The crimson imp shouts!
Natasha casts a spell at you.
Your stasis prevents you from being slowed.
You extend your mandibles.
You dig through the rock wall.
Natasha casts a spell at you. You resist with some effort.
The crimson imp blinks!
You retract your mandibles.
The worm bites you!
You die...

.......รท# #..# ### ........#
#.## #.# ........# #.# #.####
.......## #.# #<#..##
#.....### ##.# #.#...##
###.....####..# ##.#....#
#.#.#......#### #.......#
#.....#...###.#####.......#
###...###...hw@..>.......##
######.......#.#######.....##
.........###.#>.....#.......#
#...........#.#.###.........#
..#####......#.## ###.......#
.######.....#.## ##........##
.....##.....######..###...##
####..#.....##.....## #####
##.#........#####


You could see a worm and Natasha.

Vanquished Creatures
  An adder (D:2)
  An ooze (D:2)
  2 dart slugs
  A leopard gecko (D:2)
  3 giant cockroaches
  4 goblins
  A hobgoblin (D:2)
  3 jackals (D:2)
  5 kobolds
  A quokka (D:2)
  4 bats
  4 frilled lizards
  2 rats (D:2)
32 creatures vanquished.

Notes
Turn   | Place    | Note
-------+----------+-------------------------------------------
     0 | D:1      | DildoBatman the Formicid Wizard began the quest for the
                  | Orb.
     0 | D:1      | Reached XP level 1. HP: 13/13 MP: 4/4
    54 | D:1      | Reached skill level 1 in Conjurations
   226 | D:1      | Reached XP level 2. HP: 19/19 MP: 0/6
   630 | D:2      | Found a sparkling altar of Nemelex Xobeh.
   673 | D:2      | Reached XP level 3. HP: 24/24 MP: 1/7
   678 | D:2      | Learned a level 3 spell: Conjure Flame
   689 | D:2      | Learned a level 2 spell: Call Imp
   902 | D:2      | Found a runed translucent door.
   903 | D:2      | Noticed Crazy Yiuf
  1093 | D:2      | Reached XP level 4. HP: 30/30 MP: 0/8
  1171 | D:2      | Noticed Natasha
  1263 | D:1      | Slain by a worm

Skill      XL: |  1  2  3 |
---------------+----------+-----
Conjurations   | 1 2 3 |  3.2
Dodging        | |  1.7
Stealth        | |  2.4
Spellcasting   | |  3.2
Summonings     | |  1.0
Translocations | |  0.8

Action                   |  1- 3 |  4- 6 || total
-------------------------+-------+-------++-------
Melee: Spear             |    36 |       ||    36
       Mace              |     7 |    11 ||    18
       Unarmed           |       |     6 ||     6
 Cast: Magic Dart        |    54 |     6 ||    60
 Abil: Dig               |       |     3 ||     3
  Use: Scroll            |       |     2 ||     2
       Potion            |       |     1 ||     1
 Stab: Sleeping          |     3 |       ||     3
  Eat: Chunk             |     1 |       ||     1
Armor: Robe              |    11 |     4 ||    15
       Skin              |       |    14 ||    14
Dodge: Dodged            |    32 |    18 ||    50
